 Dungeon Crawl Stone Soup version 0.30-a0-782-ge64f9170bb (webtiles) character file.

Game seed: 13821559371949442549

1685 Crownlay the Ruffian (level 8, -1/79 HPs)
             Began as a Troll Fighter on Mar 13, 2023.
             Was an Initiate of Wu Jian.
             Slain by a troll (9 damage)
             ... on level 7 of the Dungeon.
             The game lasted 00:07:23 (4827 turns).

Crownlay the Ruffian (Troll Fighter)                Turns: 4827, Time: 00:07:24

Health: -1/79      AC:  7    Str: 25    XL:     8   Next: 71%
Magic:  7/7        EV:  8    Int:  6    God:    Wu Jian [......]
Gold:   463        SH:  9    Dex:  9    Spells: 7/7 levels left

rFire   . . .      SeeInvis .      - Unarmed
rCold   . . .      Faith    .    b - +0 kite shield
rNeg    . . .      Spirit   .    r - +0 troll leather armour {Pargi}
rPois   .          Reflect  .    y - +0 hat
rElec   .          Harm     .    q - +0 cloak
rCorr   .          Rampage  .    (gloves unavailable)
Will    .....                    (boots unavailable)
Stlth   +                        i - amulet of the acrobat
HPRegen 1.93/turn                (no ring)
MPRegen 0.10/turn                (no ring)

@: no status effects
A: large, unfitting armour, claws 3, regeneration 1, shaggy fur 1, tough skin 1
a: Renounce Religion


You were on level 7 of the Dungeon.
You worshipped Wu Jian.
Wu Jian was noncommittal.
You visited 2 branches of the dungeon, and saw 8 of its levels.
You also visited: Sewer.

You collected 463 gold pieces.

Inventory:

Missiles
 C - a throwing net (quivered)
Armour
 b - a +0 kite shield (worn)
 q - a +0 cloak (worn)
 r - a +0 troll leather armour (worn) {Pargi}
 y - a +0 hat (worn)
Jewellery
 i - an amulet of the acrobat (around neck)
Wands
 w - a wand of flame (26)
Scrolls
 d - a scroll of identify
 f - 2 scrolls of amnesia
 g - 2 scrolls of enchant armour
 h - a scroll of fear
 k - 3 scrolls of teleportation
 l - 3 scrolls of blinking
 n - a scroll of summoning
 o - 2 scrolls of poison
 p - a scroll of acquirement {unknown}
 z - a scroll of brand weapon {unknown}
 A - 2 scrolls of silence
 B - a scroll of immolation {unknown}
Potions
 a - 2 potions of degeneration {unknown}
 c - a potion of might
 e - 2 potions of ambrosia {unknown}
 j - a potion of mutation {unknown}
 m - 7 potions of curing
 s - a potion of heal wounds {unknown}
 t - a potion of attraction {unknown}
 u - a potion of lignification {unknown}
 v - a potion of resistance {unknown}
 x - a potion of flight {unknown}


   Skills:
 + Level 4.7 Fighting
 - Level 2.4 Dodging
 * Level 7.0 Shields
 * Level 7.3 Unarmed Combat


You had 7 spell levels left.
You didn't know any spells.
Your spell library contained the following spells:

 Spells                   Type           Power      Damage    Failure   Level
 Scorch                   Fire           0%         2d5       87%         2
 Flame Wave               Conj/Fire      0%         2d4       100%        4
 Summon Cactus Giant      Summ           0%         N/A       100%        6


Dungeon Overview and Level Annotations

Branches:
Dungeon (7/15)             Temple (1/1) D:6           Sewer (visited)

Altars:
Ashenzari
Cheibriados
Dithmenos
Elyvilon
Fedhas
Hepliaklqana
Makhleb
Okawaru
Qazlal
Ru
Sif Muna
Trog
Vehumet
Wu Jian
Xom
Yredelemnul
Zin
The Shining One


Innate Abilities, Weirdness & Mutations

You are too large for most types of armour.
You have claws for hands.
Your natural rate of healing is unusually fast.
You are covered in fur. (AC +1)
You have tough skin. (AC +1)


Message History

The howler monkey is severely wounded.
The howler monkey hits you but does no damage.
You claw the howler monkey!
You kill the howler monkey!
The Council accepts your kill.
No target in view!
No target in view!
No target in view!
You see here a howler monkey corpse.
A troll and an electric eel come into view.
The troll shouts!
You see here a potion of curing.
The electric eel shoots out a bolt of lightning at you!
The bolt of electricity hits you!
You see here a potion of curing.
You claw the troll!
The troll is moderately wounded.
The troll bites you! The troll claws you.
The troll claws you but does no damage.
You barely miss the troll.
The troll is moderately wounded.
The troll misses you. The troll closely misses you.
The troll barely misses you.
You closely miss the troll.
The troll is moderately wounded.
The troll bites you. The troll claws you! The troll claws you.
You barely miss the troll.
The troll is lightly wounded.
You block the troll's attack. The troll claws you. x2
You claw the troll!
The troll is moderately wounded.
The troll bites you. The troll claws you! x2
* * * LOW HITPOINT WARNING * * *
You are too injured to fight recklessly!
You scratch the troll.
The troll is heavily wounded.
The troll bites you!
* * * LOW HITPOINT WARNING * * *
You block the troll's attack. The troll claws you!
You die...

...........#.#...##
............##8.8#
............ #..##
.... ...........
##..# ....
........... ##...##
..... ...........
#..⌠..# .....
...........
##...##....
...........
##.###.. .......
... ##@#.# .......
.....###T.# ~~♣♣~~♣
..........# ♣~♣ ~P~
♣P..T...#..# ~~ ♣~
♣♣~~....#.## ≈≈~
~~~~♣...... ~~P
~♣P.#... ~~
♣~~♣S##.. ≈ ~~~P~~
..#


You could see a troll.

Vanquished Creatures
  Edmund (D:5)
  2 water moccasins
  Pargi (Sewer)
  A black bear (D:6)
  An ice beast (D:5)
  A sky beast (D:6)
  3 ogres
  A bullfrog (D:6)
  A gnoll sergeant (D:4)
  A howler monkey (D:7)
  3 hounds
  Crazy Yiuf (D:3)
  2 jellies
  Terence (D:3)
  2 iguanas
  2 orc wizards (D:7)
  10 gnolls
  6 adders
  A shadow imp (D:5)
  A white imp (D:5)
  An ufetubus (D:7)
  3 worms
  12 orcs
  12 endoplasms
  3 giant cockroaches
  6 goblins
  3 hobgoblins
  2 jackals (D:1)
  3 quokkas
  8 ball pythons
  7 frilled lizards
  6 kobolds
  9 rats
117 creatures vanquished.

Vanquished Creatures (others)
  2 fungi (D:6)
  4 toadstools (D:6)
6 creatures vanquished.

Grand Total: 123 creatures vanquished

Notes
Turn   | Place    | Note
-------+----------+-------------------------------------------
     0 | D:1      | Crownlay the Troll Fighter began the quest for the Orb.
     0 | D:1      | Reached XP level 1. HP: 22/22 MP: 0/0
    77 | D:1      | Reached XP level 2. HP: 27/29 MP: 1/1
   314 | D:1      | Found a faded altar of an unknown god.
   526 | D:1      | Reached XP level 3. HP: 34/36 MP: 2/2
  1064 | D:2      | Found a snail-covered altar of Cheibriados.
  1412 | D:3      | Found a shimmering altar of Xom.
  1455 | D:3      | Reached XP level 4. HP: 44/44 MP: 3/3
  1577 | D:3      | Found a runed translucent door.
  1578 | D:3      | Noticed Crazy Yiuf
  1818 | D:3      | Noticed Terence
  1834 | D:3      | Killed Terence
  2025 | D:3      | HP: 1/45 [Crazy Yiuf/+4 quarterstaff of chaos (16)]
  2028 | D:3      | Killed Crazy Yiuf
  2029 | D:3      | Reached XP level 5. HP: 5/53 MP: 4/4
  2205 | D:4      | Found a glowing drain.
  2221 | Sewer    | Entered a sewer
  2241 | Sewer    | Noticed Pargi
  2249 | Sewer    | Killed Pargi
  2733 | D:4      | Noticed an ogre
  2747 | D:4      | Killed an ogre
  2748 | D:4      | Reached XP level 6. HP: 30/61 MP: 5/5
  3012 | D:4      | Reached skill level 5 in Shields
  3257 | D:5      | Entered Level 5 of the Dungeon
  3257 | D:5      | Noticed Edmund
  3271 | D:5      | Killed Edmund
  3272 | D:5      | Reached skill level 5 in Unarmed Combat
  3272 | D:5      | Reached XP level 7. HP: 58/68 MP: 6/6
  3959 | D:6      | Reached XP level 8. HP: 78/78 MP: 7/7
  4280 | D:6      | Found a staircase to the Ecumenical Temple.
  4291 | Temple   | Entered the Ecumenical Temple
  4291 | Temple   | Found a transporter.
  4291 | Temple   | Found a transporter.
  4293 | Temple   | Found a transporter.
  4293 | Temple   | Found a transporter.
  4321 | Temple   | Became a worshipper of the Wu Jian Council
  4815 | D:7      | Noticed a troll
  4827 | D:7      | Slain by a troll

Illustrated notes

Levels and vault maps discovered:
D:1:      minmay_arrival_hallway, layout_basic,
          chequers_ecumenical_altar_simple_redux
D:2:      layout_basic, basic_altar, corexii_shack, guppyfry_early_lair_pool
D:3:      layout_rooms, mainiacjoe_overflow_tiny_flanked, minmay_door_square,
          uniq_terence, uniq_crazy_yiuf_cottage
D:4:      layout_basic, cheibrodos_sewer_entry_drain,
          hangedman_decor_clover_reticule, lightli_minifort
D:5:      layout_loops_cross, uniq_edmund
D:6:      layout_loops_cross, minmay_temple_entry_slanted, st_stairs_1,
          kennysheep_cluttered_room, minmay_gold_behind_fungi
D:7:      hellmonk_crumbling_castle, layout_cave_pools,
          gammafunk_ghost_cemetery, minmay_misc_feat_alley, serial_bayou_lake_a
Temple:   hellmonk_temple_divided_pantheon

Skill      XL: |  1  2  3  4  5  6  7  8 |
---------------+-------------------------+-----
Shields        | 3 4 5 6 7 |  7.0
Unarmed Combat | 3 4 5 6 7 |  7.3
Fighting       | 3 4 |  4.7
Dodging        | |  2.4

Action                     |  1- 3 |  4- 6 |  7- 9 || total
---------------------------+-------+-------+-------++-------
  Melee: Unarmed           |   118 |   125 |   181 ||   424
Ability: Lunge             |       |       |     4 ||     4
    Use: Scroll            |     2 |     3 |     4 ||     9
         Potion            |       |     2 |       ||     2
   Stab: Sleeping          |     1 |       |       ||     1
 Armour: Robe              |    35 |     7 |       ||    42
         Troll leather arm |       |    13 |    60 ||    73
  Dodge: Dodged            |    37 |    43 |    54 ||   134
  Block: Kite shield       |    38 |    53 |    64 ||   155

Table legend: (Time is in decaauts)
 A = Elapsed time spent in this place.
 B = Non-inter-level travel time spent in this place.
 C = Inter-level travel time spent in this place.
 D = Time resting spent in this place.
 E = Time spent auto-exploring this place.
 F = Levels seen in this place.
 G = Mean time per level.
                   A        B        C        D        E       F      G
               +--------+--------+--------+--------+--------+-----+--------+
         Total |   4843 |   4594 |    249 |      0 |   3686 |   9 |  538.1 |
       Dungeon |   4620 |   4376 |    244 |      0 |   3585 |   7 |  660.0 |
        Temple |     65 |     60 |      5 |      0 |      3 |   1 |   65.0 |
         Sewer |    158 |    158 |      0 |      0 |     98 |   1 |  158.0 |
               +--------+--------+--------+--------+--------+-----+--------+

Top non-repeatable levels by time:
     D:4: 957 daAuts
     D:3: 791 daAuts
     D:2: 724 daAuts
     D:6: 704 daAuts
     D:5: 698 daAuts
     D:1: 641 daAuts
   Sewer: 158 daAuts
     D:7: 102 daAuts
  Temple: 65 daAuts
